 Dungeon Crawl Stone Soup version 0.25.1-2-g60ff931df9 (webtiles) character file.

Game seed: 17895390413492666194

20 raphaelitos the Firebug (level 2, -2/15 HPs)
             Began as a Deep Elf Fire Elementalist on Nov 23, 2020.
             Slain by a hobgoblin
             ... wielding a +0 club
              (4 damage)
             ... on level 1 of the Dungeon.
             The game lasted 00:01:42 (778 turns).

raphaelitos the Firebug (Deep Elf Fire Elementalist) Turns: 778, Time: 00:01:43

Health: -2/15      AC:  3    Str:  5    XL:     2   Next: 58%
Magic:  6/8        EV: 13    Int: 19    God:
Gold:   33         SH:  0    Dex: 15    Spells: 6/7 levels left

rFire    . . .     SeeInvis .   i - +0 spear
rCold    . . .     Gourm    .   (no shield)
rNeg     . . .     Faith    .   a - +0 robe
rPois    .         Spirit   .   (no helmet)
rElec    .         Reflect  .   e - +0 cloak
rCorr    .         Harm     .   (no gloves)
MR       .....                  (no boots)
Stlth    ++........             (no amulet)
HPRegen  0.05/turn              (no ring)
MPRegen  0.11/turn              (no ring)

@: no status effects
A: no striking features
a: no special abilities


You were on level 1 of the Dungeon.
You were not hungry.

You visited 1 branch of the dungeon, and saw 1 of its levels.

You collected 33 gold pieces.

Inventory:

Hand Weapons
 i - a +0 spear (weapon)
Armour
 a - a +0 robe (worn)
 e - a +0 cloak (worn)
Potions
 b - 2 potions of might {unknown}
 d - a potion of flight {unknown}
 f - a potion of ambrosia {unknown}
 h - a potion of heal wounds {unknown}
Comestibles
 c - 2 rations
 g - a chunk of flesh


   Skills:
 + Level 2.5 Dodging
 + Level 2.6 Stealth
 + Level 3.1 Spellcasting
 + Level 1.1 Conjurations
 + Level 4.1 Fire Magic


You had 6 spell levels left.
You knew the following spells:

 Your Spells              Type           Power        Failure   Level  Hunger
a - Foxfire               Conj/Fire      ##..         4%          1    None

Your spell library contained the following spells:

 Spells                   Type           Power        Failure   Level  Hunger
 Conjure Flame            Conj/Fire      ##......     16%         3    ###....
 Inner Flame              Hex/Fire       ##......     19%         3    ###....
 Sticky Flame             Conj/Fire      ##......     45%         4    ####...
 Fireball                 Conj/Fire      ##........   80%         5    ######.


Dungeon Overview and Level Annotations

Branches:
Dungeon (1/15)

Altars:


Message History

Your foxfire dissipates!
The foxfire hits the ooze.
The ooze is lightly wounded.
The hobgoblin hits you but does no damage.
Casting: Foxfire (safe; 5% risk of failure)
Confirm with . or Enter, or press ? or * to list all spells.
You conjure some foxfire!
The ooze hits you but does no damage. The hobgoblin barely misses you.
The hobgoblin hits you with a +0 club.
* * * LOW HITPOINT WARNING * * *
You hit the goblin.
You kill the goblin!
The foxfire hits the hobgoblin.
The hobgoblin is severely wounded.
The foxfire hits the hobgoblin.
The hobgoblin is severely wounded.
The ooze misses you. The hobgoblin hits you with a +0 club.
* * * LOW HITPOINT WARNING * * *
The hobgoblin barely misses you. The ooze closely misses you.
The hobgoblin hits you with a +0 club.
You die...

##.############
#...... #.# #.....#
#.# ##### ####+## #.#
....# # #.# ####....#
#.# #.......# #.#
#ยง......#
#.#########..g...$###
.##
#.........'@gJ......#
....
###########....####.#
#.## .......#
#....#### # #....#
#....# #....# ######


You could see an ooze and 2 hobgoblins.

Vanquished Creatures
  2 leopard geckos (D:1)
  2 goblins (D:1)
  A hobgoblin (D:1)
  4 jackals (D:1)
  4 bats (D:1)
  2 frilled lizards (D:1)
  A rat (D:1)
16 creatures vanquished.

Vanquished Creatures (others)
  31 foxfires (D:1)
31 creatures vanquished.

Grand Total: 47 creatures vanquished

Notes
Turn   | Place    | Note
-------+----------+-------------------------------------------
     0 | D:1      | raphaelitos the Deep Elf Fire Elementalist began the quest
                  | for the Orb.
     0 | D:1      | Reached XP level 1. HP: 10/10 MP: 6/6
    77 | D:1      | Reached XP level 2. HP: 15/15 MP: 2/8
   658 | D:1      | Reached skill level 4 in Fire Magic
   778 | D:1      | Slain by a hobgoblin

Illustrated notes

Levels and vault maps discovered:
D:1:      dpeg_arrival_boxorama, layout_basic, kennysheep_boxes

Skill      XL: |  1  2 |
---------------+-------+-----
Fire Magic     | 4 |  4.1
Dodging        | |  2.5
Stealth        | |  2.6
Spellcasting   | |  3.1
Conjurations   | |  1.1

Action                   || total
-------------------------++-------
Melee: Unarmed           ||    20
       Spear             ||     4
 Cast: Foxfire           ||    20
 Stab: Sleeping          ||     1
Armor: Robe              ||     7
Dodge: Dodged            ||    27
